 Dungeon Crawl Stone Soup version 0.29.1-15-g9cfb28693d (webtiles) character file.

Game seed: 4690456541284057699

170 Lanemaroo the Sneak (level 5, -10/37 HPs)
             Began as a Vampire Enchanter on Mar 13, 2023.
             Mangled by an ogre
             ... wielding a +0 giant club
              (35 damage)
             ... on level 4 of the Dungeon on Mar 15, 2023.
             The game lasted 00:25:20 (2968 turns).

Lanemaroo the Sneak (Vampire Enchanter)             Turns: 2968, Time: 00:25:20

Health: -10/37     AC:  4    Str:  7    XL:     5   Next: 25%
Magic:  6/8        EV: 13    Int: 17    God:
Gold:   186        SH:  0    Dex: 17    Spells: 2/8 levels left

rFire   . . .      SeeInvis +   a - +1 dagger
rCold   . . .      Faith    .   (no shield)
rNeg    . . .      Spirit   .   b - +1 robe
rPois   .          Reflect  .   (no helmet)
rElec   .          Harm     .   f - +0 cloak
rCorr   .          Rampage  .   (no gloves)
Will    .....                   (no boots)
Stlth   +++.......              h - amulet of regeneration
HPRegen 1.12/turn               (no ring)
MPRegen 0.11/turn               (no ring)

@: healing quickly
A: alive, fangs 3, see invisible, vampiric 2
a: Exsanguinate


You were on level 4 of the Dungeon.
You visited 1 branch of the dungeon, and saw 4 of its levels.

You collected 186 gold pieces.

Inventory:

Hand Weapons
 a - a +1 dagger (weapon)
Missiles
 d - 40 stones (quivered)
Armour
 b - a +1 robe (worn)
 f - a +0 cloak (worn)
Jewellery
 h - an amulet of regeneration (around neck)
Scrolls
 i - a scroll of poison {unknown}
 k - 2 scrolls of amnesia
 m - 2 scrolls of identify
Potions
 c - 2 potions of invisibility
 e - 2 potions of flight
 g - a potion of resistance {unknown}
 j - a potion of heal wounds {unknown}
 l - 2 potions of haste
 n - a potion of magic {unknown}
 o - a potion of lignification {unknown}
 p - a potion of brilliance {unknown}


   Skills:
 + Level 1.0 Fighting
 + Level 2.8 Short Blades
 + Level 3.0 Dodging
 + Level 6.1 Stealth
 + Level 2.4 Spellcasting
 + Level 5.2 Hexes
 + Level 0.3 Ice Magic


You had 2 spell levels left.
You knew the following spells:

 Your Spells              Type           Power      Damage    Failure   Level
a - Foxfire               Conj/Fire      8%         2x1d4     19%         1
b - Ensorcelled Hibernat  Hex/Ice        22%        N/A       9%          2
c - Tukima's Dance        Hex            19%        N/A       7%          3

Your spell library contained the following spells:

 Spells                   Type           Power      Damage    Failure   Level
 Confusing Touch          Hex            19%        N/A       7%          3
 Dazzling Flash           Conj/Hex       20%        N/A       19%         3
 Inner Flame              Hex/Fire       10%        N/A       19%         3
 Conjure Flame            Conj/Fire      2%         6-21      50%         3
 Anguish                  Hex/Necr       5%         N/A       54%         4
 Flame Wave               Conj/Fire      2%         2d4       88%         4
 Enfeeble                 Hex            9%         N/A       100%        7


Dungeon Overview and Level Annotations

Branches:
Dungeon (4/15)
 Temple: D:4-7

Altars:
Wu Jian

Shops:
D:2 (

Annotations:
D:4 Grinder


Innate Abilities, Weirdness & Mutations

Your natural rate of healing is accelerated.
You have razor-sharp teeth.
You have supernaturally acute eyesight. (SInv)
You are afflicted with vampirism and can become a bat while bloodless.


Message History

Grinder blinks!
Found a scroll of identify and 7 gold pieces.
You now have 179 gold pieces (gained 15).
There are no items here.
A ball python comes into view.
m - 2 scrolls of identify (gained 1)
There are no items here.
You now have 186 gold pieces (gained 7).
Found a brown potion.
You hit the ball python but do no damage.
Your bite misses the ball python.
The ball python bites you but does no damage.
The ball python closely misses you. The ball python barely misses you.
The ball python misses you.
You hit the ball python.
The ball python is severely wounded.
The ball python barely misses you. The ball python grabs you.
The ball python constricts you.
You hit the ball python.
You kill the ball python!
o - a brown potion
There are no items here.
Found a purple potion.
Found a stone staircase leading up.
p - a purple potion
Found a stone staircase leading down.
Found 13 gold pieces.
The ogre shouts!
Casting: Ensorcelled Hibernation (safe; 9% risk of failure)
Confirm with . or Enter, or press ? or * to list all spells.
Aiming: Ensorcelled Hibernation (safe; 9% risk of failure)
Press: ? - help, Shift-Dir - straight line, f - ogre
Aim: an ogre, wielding a +0 giant club (chance to affect: 45%)
The ogre resists with some effort.
Grinder shouts!
The ogre hits you with a +0 giant club!
There is a stone staircase leading up, spattered with blood here.
The ogre hits you with a +0 giant club!!
Ouch! That really hurt!
You die...

... ..$.... ..##
#...... #.. ....... .#
#.#.... .......
###..#.... .......
#####....##....
....>.. ......###
#....
#......###5.....#
#.... #............
..####. ##..O#......#
#...##. #..@.......#
#.... #..........#
#.... #..........#
#.... #...########
#.... #...# #....
#.#...# #####
#.....#############
#####.............####
#############.....


You could see Grinder and an ogre.

Vanquished Creatures
  A necrophage (D:3)
  A hound (D:3)
  3 adders
  2 dart slugs (D:3)
  An orc (D:3)
  6 ball pythons
  2 bats (D:1)
  2 endoplasms
  4 giant cockroaches
  4 goblins
  5 hobgoblins
  2 jackals (D:3)
  6 kobolds
  2 quokkas (D:2)
  3 frilled lizards
  3 rats
47 creatures vanquished.

Vanquished Creatures (collateral kills)
  A goblin (D:2)
1 creature vanquished.

Vanquished Creatures (others)
  A dancing weapon (D:3)
  4 foxfires
5 creatures vanquished.

Grand Total: 53 creatures vanquished

Notes
Turn   | Place    | Note
-------+----------+-------------------------------------------
     0 | D:1      | Lanemaroo the Vampire Enchanter began the quest for the
                  | Orb.
     0 | D:1      | Reached XP level 1. HP: 13/13 MP: 3/3
   134 | D:1      | Found a faded altar of an unknown god.
   235 | D:1      | Reached XP level 2. HP: 19/19 MP: 5/5
   281 | D:1      | Learned a level 1 spell: Foxfire
   284 | D:1      | Learned a level 2 spell: Ensorcelled Hibernation
   954 | D:2      | Reached skill level 5 in Stealth
  1043 | D:2      | Found Maxtixi's Weapon Shoppe.
  1095 | D:2      | Reached skill level 5 in Hexes
  1194 | D:2      | Gained mutation: You are afflicted with vampirism and can
                  | become a bat while bloodless. [Vampire growth]
  1194 | D:2      | Reached XP level 3. HP: 13/24 MP: 2/6
  1383 | D:2      | You fall into a shaft and drop 1 floor!
  1515 | D:3      | Learned a level 3 spell: Tukima's Dance
  1565 | D:3      | Found an ornate altar of the Wu Jian Council.
  1566 | D:3      | Noticed Grinder
  1572 | D:3      | Paralysed by Grinder for 4 turns
  1650 | D:4      | Noticed an ogre
  2402 | D:3      | Reached XP level 4. HP: 30/30 MP: 7/7
  2682 | D:4      | Noticed a necrophage
  2732 | D:3      | Killed a necrophage
  2733 | D:3      | Reached skill level 1 in Fighting
  2733 | D:3      | Reached skill level 6 in Stealth
  2733 | D:3      | Reached XP level 5. HP: 27/37 MP: 6/8
  2818 | D:4      | Paralysed by Grinder for 4 turns
  2882 | D:4      | Paralysed by Grinder for 5 turns
  2894 | D:4      | Paralysed by Grinder for 2 turns
  2968 | D:4      | Mangled by an ogre

Illustrated notes

Levels and vault maps discovered:
D:1:      shiori_shiawase, layout_basic, shapermc_ecumenical_altar_mp_vishouse,
          minmay_indecisive_spiral
D:2:      layout_basic, serial_shops, nicolae_shop_bloodbath_and_beyond
D:3:      layout_loops_ring, lemuel_crystal_altar, uniq_grinder
D:4:      layout_rooms

Skill      XL: |  1  2  3  4 |
---------------+-------------+-----
Stealth        | 5 6 |  6.1
Hexes          | 5 |  5.2
Short Blades   | 2 |  2.8
Fighting       | 1 |  1.0
Dodging        | 3 |  3.0
Spellcasting   | |  2.4
Ice Magic      | |  0.3

Action                   |  1- 3 |  4- 6 || total
-------------------------+-------+-------++-------
Melee: Dagger            |   113 |    53 ||   166
       Punch             |     1 |       ||     1
       Bite              |    10 |     6 ||    16
 Cast: Ensorcelled Hiber |     6 |     3 ||     9
       Tukima's Dance    |     3 |     3 ||     6
       Foxfire           |     1 |     1 ||     2
  Use: Scroll            |     7 |       ||     7
       Potion            |       |     1 ||     1
 Stab: Sleeping          |    19 |     2 ||    21
Armor: Robe              |    38 |     7 ||    45
Dodge: Dodged            |    63 |    35 ||    98
